 Dungeon Crawl Stone Soup version 0.32-a0-422-g28b100f618 (console) character file.

Game seed: 15931400875437028527

781 jejorda2 the Chopper (level 7, -3/60 HPs)
             Began as a Gnoll Berserker on Feb 21, 2024.
             Was a Priest of Trog.
             Slain by a killer bee (4 damage)
             ... on level 5 of the Dungeon.
             The game lasted 00:06:13 (2706 turns).

jejorda2 the Chopper (Gnoll Berserker)              Turns: 2706, Time: 00:06:14

Health: -3/60      AC: 11    Str: 18    XL:     7   Next: 85%
Magic:  11/11      EV:  9    Int:  6    God:    Trog [***...]
Gold:   110        SH:  4    Dex: 12    Spells: 11/11 levels left

rFire   . . .        a - +0 war axe
rCold   . . .        g - +0 buckler
rNeg    . . .        t - +0 chain mail
rPois   .            v - +0 helmet
rElec   .            (no cloak)
rCorr   .            (no gloves)
SInv    .            (no boots)
Will    ++...        (no amulet) Stlth
                     (no ring)
HPRegen 1.30/turn    (no ring)
MPRegen 0.12/turn

%: no passive effects
@: lethally poisoned (-3 -> -4), strong-willed, on berserk cooldown,
regenerating, slowed, very slow
A: fangs 1, strong nose, distributed training
a: Renounce Religion, Berserk, Trog's Hand


You were on level 5 of the Dungeon.
You worshipped Trog.
Trog was most pleased with you.
You visited 1 branch of the dungeon, and saw 5 of its levels.

You collected 110 gold pieces.

Inventory:

Hand Weapons
 a - a +0 war axe (weapon)
 u - a +3 whip
Missiles
 x - 8 poisoned darts (quivered)
Armour
 g - a +0 buckler (worn)
 t - a +0 chain mail (worn)
 v - a +0 helmet (worn)
Wands
 w - a wand of flame (16)
Scrolls
 b - 7 scrolls of identify {unknown}
 c - a scroll of poison {unknown}
 i - 4 scrolls of teleportation {unknown}
 k - a scroll of brand weapon {unknown}
 l - a scroll of fear {unknown}
 o - 3 scrolls of amnesia {unknown}
 p - a scroll of fog {unknown}
 r - 2 scrolls of immolation {unknown}
Potions
 d - a potion of enlightenment {unknown}
 e - a potion of resistance {unknown}
 f - 3 potions of attraction {unknown}
 h - a potion of haste {unknown}
 j - 2 potions of curing {unknown}
 m - a potion of lignification {unknown}
 n - a potion of brilliance {unknown}
 q - a potion of mutation {unknown}
 s - a potion of heal wounds {unknown}


   Skills:
 + Level 7.2 Fighting
 + Level 2.8 Short Blades
 + Level 2.8 Long Blades
 + Level 7.2 Axes
 + Level 2.8 Maces & Flails
 + Level 2.8 Polearms
 + Level 2.8 Staves
 + Level 2.8 Ranged Weapons
 + Level 2.8 Throwing
 + Level 5.4 Armour
 + Level 5.4 Dodging
 + Level 2.8 Stealth
 + Level 2.8 Shields
 + Level 2.8 Unarmed Combat
 + Level 2.8 Spellcasting
 + Level 2.3 Conjurations
 + Level 2.3 Hexes
 + Level 2.3 Summonings
 + Level 2.3 Necromancy
 + Level 2.3 Translocations
 + Level 2.3 Fire Magic
 + Level 2.3 Ice Magic
 + Level 2.3 Air Magic
 + Level 2.3 Earth Magic
 + Level 2.3 Alchemy
 + Level 3.1 Invocations
 + Level 2.8 Evocations
 + Level 2.6 Shapeshifting


You had 11 spell levels left.
You didn't know any spells.
Your spell library was empty.

Dungeon Overview and Level Annotations

Branches:
Dungeon (5/15)             Temple (0/1) D:4

Altars:
Trog
Yredelemnul
Zin

Annotations:
D:4 3 runed translucent doors, justen's ghost, weakling MDFE


Innate Abilities, Weirdness & Mutations

You have very sharp teeth.
Your uncanny sense of smell can sniff out nearby items.
Your experience applies equally to all skills.


Message History

You are no longer berserk.
You are exhausted.
You feel yourself slow down.
* * * LOW HITPOINT WARNING * * *
You feel sick. The adder bites you but does no damage.
Your skin crawls.
You feel strong-willed.
You feel very sick.
A killer bee comes into view.
The adder barely misses you.
The quokka twitches its whiskers.
The adder barely misses you.
You closely miss the adder.
The adder is almost dead.
You feel sick.
The killer bee buzzes angrily.
The adder bites you but does no damage. x2
You slash the adder!
You kill the adder!
Trog accepts your kill.
You feel sick. You block the killer bee's attack.
The killer bee barely misses you. The killer bee stings you.
* * * LOW HITPOINT WARNING * * *
You slash the killer bee!
The killer bee is almost dead.
You feel sick.
You are no longer poisoned.
The killer bee stings you but does no damage.
A killer bee comes into view.
The killer bee stings you but does no damage. x2
You closely miss the killer bee. Your bite misses the killer bee.
The killer bee is almost dead.
You block the killer bee's attack. The killer bee stings you!
* * * LOW HITPOINT WARNING * * *
The killer bee closely misses you. The killer bee stings you.
* * * LOW HITPOINT WARNING * * *
You are lethally poisoned!
The killer bee poisons you! The killer bee barely misses you.
The killer bee stings you.
You die...

.....#......#
#........... #
#...........
##.#...<.......
#............##
#.###........#
#.......##
##yr.....#
#@##$###.#
#†y.#... .#
.......### .
##.###.## # ..
#.# ##. #.# #
..#


You could see 2 killer bees and a quokka.

Vanquished Creatures
  An orc warrior (D:4)
  An ogre (D:4)
  2 bullfrogs (D:4)
  2 killer bees (D:5)
  A jelly (D:4)
  A hound (D:4)
  An iguana (D:5)
  An orc wizard (D:4)
  3 gnolls (D:2)
  6 adders
  2 adder zombies (D:4)
  4 dart slugs
  2 ribbon worms
  6 orcs (D:4)
  12 ball pythons
  6 endoplasms
  6 giant cockroaches
  7 goblins
  8 hobgoblins
  2 jackals (D:1)
  5 quokkas
  8 bats
  4 frilled lizards
  12 kobolds
  6 rats
109 creatures vanquished.

Notes
Turn   | Place    | Note
-------+----------+-------------------------------------------
     0 | D:1      | jejorda2 the Gnoll Berserker began the quest for the Orb.
     0 | D:1      | Reached XP level 1. HP: 23/23 MP: 1/1
    12 | D:1      | Reached XP level 2. HP: 29/29 MP: 2/2
    96 | D:1      | Found Hanezada's Distillery.
   111 | D:1      | Reached XP level 3. HP: 35/35 MP: 3/3
   217 | D:1      | Reached skill level 1 in Invocations
   356 | D:1      | Reached ** piety under Trog
   357 | D:1      | Reached skill level 1 in Short Blades
   357 | D:1      | Reached skill level 1 in Long Blades
   357 | D:1      | Reached skill level 1 in Maces & Flails
   357 | D:1      | Reached skill level 1 in Polearms
   357 | D:1      | Reached skill level 1 in Staves
   357 | D:1      | Reached skill level 1 in Ranged Weapons
   357 | D:1      | Reached skill level 1 in Throwing
   357 | D:1      | Reached skill level 1 in Stealth
   357 | D:1      | Reached skill level 1 in Shields
   357 | D:1      | Reached skill level 1 in Unarmed Combat
   357 | D:1      | Reached skill level 1 in Spellcasting
   357 | D:1      | Reached skill level 1 in Evocations
   411 | D:1      | Reached skill level 1 in Shapeshifting
   411 | D:1      | Reached XP level 4. HP: 40/41 MP: 5/5
   416 | D:1      | Found a faded altar of an unknown god.
   658 | D:2      | Reached skill level 1 in Conjurations
   658 | D:2      | Reached skill level 1 in Hexes
   658 | D:2      | Reached skill level 1 in Summonings
   658 | D:2      | Reached skill level 1 in Necromancy
   658 | D:2      | Reached skill level 1 in Translocations
   658 | D:2      | Reached skill level 1 in Fire Magic
   658 | D:2      | Reached skill level 1 in Ice Magic
   658 | D:2      | Reached skill level 1 in Air Magic
   658 | D:2      | Reached skill level 1 in Earth Magic
   658 | D:2      | Reached skill level 1 in Alchemy
  1018 | D:2      | Reached XP level 5. HP: 47/47 MP: 5/7
  1166 | D:3      | Found a bloodstained altar of Trog.
  1427 | D:3      | Found a glowing silver altar of Zin.
  1788 | D:4      | Reached *** piety under Trog
  1886 | D:4      | Found a staircase to the Ecumenical Temple.
  1984 | D:4      | Reached skill level 5 in Armour
  1984 | D:4      | Reached skill level 5 in Dodging
  1984 | D:4      | Reached XP level 6. HP: 52/53 MP: 8/8
  2209 | D:4      | Noticed an orc warrior
  2227 | D:4      | Reached XP level 7. HP: 60/60 MP: 10/10
  2449 | D:4      | Found a runed translucent gate.
  2449 | D:4      | Found a runed translucent gate.
  2449 | D:4      | Found a runed translucent gate.
  2449 | D:4      | Noticed justen's ghost (weakling MDFE)
  2451 | D:4      | Found a basalt altar of Yredelemnul.
  2675 | D:5      | Entered Level 5 of the Dungeon
  2706 | D:5      | HP: 2/60 [killer bee (7)]
  2706 | D:5      | Slain by a killer bee

Illustrated notes

Levels and vault maps discovered:
D:1:      minmay_arrival_open_corners, layout_rooms,
          shapermc_ecumenical_altar_totnotflames, serial_shops, shop
D:2:      layout_basic
D:3:      layout_loops_ring, zin_statuary, overflow_temple_1_default
D:4:      layout_basic, nicolae_yredelemnul_ghost_church,
          minmay_temple_entry_hall, minmay_divided_ellipse
D:5:      layout_loops_ring, grunt_dithmenos_shadows

Skill      XL: |  1  2  3  4  5  6  7 |
---------------+----------------------+-----
Invocations    | 1 2 3 |  3.1
Short Blades   | 1 2 |  2.8
Long Blades    | 1 2 |  2.8
Maces & Flails | 1 2 |  2.8
Polearms       | 1 2 |  2.8
Staves         | 1 2 |  2.8
Ranged Weapons | 1 2 |  2.8
Throwing       | 1 2 |  2.8
Stealth        | 1 2 |  2.8
Shields        | 1 2 |  2.8
Unarmed Combat | 1 2 |  2.8
Spellcasting   | 1 2 |  2.8
Evocations     | 1 2 |  2.8
Shapeshifting  | 1 2 |  2.6
Conjurations   | 1 2 |  2.3
Hexes          | 1 2 |  2.3
Summonings     | 1 2 |  2.3
Necromancy     | 1 2 |  2.3
Translocations | 1 2 |  2.3
Fire Magic     | 1 2 |  2.3
Ice Magic      | 1 2 |  2.3
Air Magic      | 1 2 |  2.3
Earth Magic    | 1 2 |  2.3
Alchemy        | 1 2 |  2.3
Armour         | 5 |  5.4
Dodging        | 5 |  5.4
Fighting       | 7 |  7.2
Axes           | 7 |  7.2

Action                     |  1- 3 |  4- 6 |  7- 9 || total
---------------------------+-------+-------+-------++-------
  Melee: Hand axe          |    68 |    40 |       ||   108
         Bite              |     6 |    17 |     5 ||    28
         War axe           |       |   118 |    60 ||   178
 Invoke: Berserk           |       |     1 |     2 ||     3
         Trog's Hand       |       |       |     1 ||     1
 Armour: Ring mail         |    28 |    48 |       ||    76
         Animal skin       |     2 |       |       ||     2
         Chain mail        |       |    54 |    49 ||   103
  Dodge: Dodged            |    43 |    79 |    35 ||   157
  Block: Buckler           |     2 |    26 |    16 ||    44

Table legend: (Time is in decaauts)
 A = Elapsed time spent in this place.
 B = Non-inter-level travel time spent in this place.
 C = Inter-level travel time spent in this place.
 D = Time resting spent in this place.
 E = Time spent auto-exploring this place.
 F = Levels seen in this place.
 G = Mean time per level.
                   A        B        C        D        E       F      G
               +--------+--------+--------+--------+--------+-----+--------+
         Total |   2749 |   2642 |    107 |     62 |   1888 |   5 |  549.8 |
       Dungeon |   2749 |   2642 |    107 |     62 |   1888 |   5 |  549.8 |
               +--------+--------+--------+--------+--------+-----+--------+

Top non-repeatable levels by time:
     D:4: 962 daAuts
     D:3: 631 daAuts
     D:1: 603 daAuts
     D:2: 521 daAuts
     D:5: 30 daAuts
